 Dungeon Sprint DCSS version 0.22-a0-274-gf8199ec (webtiles) character file.

23913 Ghella the Ninja (level 12, -13/66 HPs)
             Began as a Spriggan Enchanter on Mar 14, 2018.
             Was an Elder of Dithmenos.
             Mangled by a spriggan berserker
             ... wielding a cursed +0 war axe
              (20 damage)
             ... in the Dungeon (Sprint IV: "Fedhas' Mad Dash").
             The game lasted 00:18:43 (5868 turns).

Ghella the Ninja (Spriggan Enchanter)               Turns: 5868, Time: 00:18:43

Health: -13/66     AC:  2    Str:  6    XL:     12   Next: 76%
Magic:  13/22      EV: 21    Int: 20    God:    Dithmenos [****..]
Gold:   29         SH:  7    Dex: 28    Spells: 15/21 levels left

rFire    . . .     SeeInvis +   o - +6 dagger of Waoxtoun {vamp, Str+2 Int+4 Dex+6}
rCold    . . .     Gourm    .   d - +0 buckler
rNeg     + + +     Faith    .   b - +0 robe
rPois    ∞         Spirit   .   (helmet restricted)
rElec    .         Reflect  .   (no cloak)
rCorr    .         Harm     .   (gloves unavailable)
MR       +++++     NoTele   +   (boots unavailable)
Stlth    ++++++++++             l - amulet of invisibility {+Inv}
HPRegen  0.21/turn              p - ring of see invisible
MPRegen  0.18/turn              (no ring)

@: shadow-form, wreathed by umbra, drained, invisible, very quick
A: very small, unfitting armour, see invisible, herbivore, speed 3, magic
resistance 1, slow metabolism 2, subdued magic 1
a: End Transformation, Shadow Step, Renounce Religion, Evoke Invisibility


You were in the Dungeon.
You worshipped Dithmenos.
Dithmenos was greatly pleased with you.
You were not hungry.
You were a swirling mass of dark shadows.
You visited 1 branch You collected 511 gold pieces.
You spent 482 gold pieces at shops.

Inventory:

Hand Weapons
 a - a +1 dagger
 o - the +6 dagger of Waoxtoun (weapon) {vamp, Str+2 Int+4 Dex+6}
   (You found it in the Dungeon)

   It inflicts no extra harm, but heals its wielder when it wounds a living foe.
   It affects your strength (+2).
   It affects your intelligence (+4).
   It affects your dexterity (+6).
Armour
 b - a +0 robe (worn)
 d - a +0 buckler (worn)
Jewellery
 j - an uncursed amulet of regeneration
 l - the amulet of invisibility (around neck) {+Inv}
   (You found it in the Dungeon)

   [amulet of nothing]

   It lets you turn invisible.
 p - a ring of see invisible (left hand)
 q - the amulet of Roitriobb {Faith Int+4 Dex+2 Stlth+}
   (You found it in the Dungeon)

   [amulet of faith]

   It allows you to gain divine favour quickly.
   It affects your intelligence (+4).
   It affects your dexterity (+2).
   It makes you more stealthy.
Wands
 r - a wand of paralysis (8)
Scrolls
 c - a scroll of enchant armour {unknown}
 i - a scroll of amnesia {unknown}
 m - a scroll of fear {unknown}
 n - a scroll of magic mapping {unknown}
Potions
 e - 3 potions of curing
 f - 2 potions of heal wounds
 g - a potion of haste
 h - 2 potions of magic
 k - a potion of degeneration {unknown}


   Skills:
 + Level 9.0(8.7) Fighting
 + Level 12.0(11.6) Short Blades
 - Level 8.9(8.5) Armour
 + Level 4.8(4.5) Dodging
 O Level 27(26.5) Stealth
 + Level 5.2(4.9) Spellcasting
 + Level 5.0(4.7) Hexes
 * Level 10.5(10.2) Ice Magic
 + Level 13.1(12.7) Invocations
 - Level 8.3(7.9) Evocations


You had 15 spell levels left.
You knew the following spells:

 Your Spells              Type           Power        Failure   Level  Hunger
a - Corona                Hex            #......      1%          1    None
b - Ensorcelled Hibernat  Hex/Ice        #.....       1%          2    #......
c - Confuse               Hex            #.......     7%          3    ##.....


Dungeon Overview and Level Annotations

Branches:
Dungeon (1/1)

Altars:
Cheibriados
Dithmenos
Elyvilon
Gozag
Hepliaklqana
Kikubaaqudgha
Makhleb
Nemelex Xobeh
Okawaru
Qazlal
Ru
Sif Muna
Trog
Uskayaw
Vehumet
Wu Jian
Xom
Yredelemnul
Zin
The Shining One
Beogh
Jiyva
Lugonu

Shops:
D ::((![}(=[%(!*[***(*%


Innate Abilities, Weirdness & Mutations

You are very small and have problems with some larger weapons.
You are too small for most types of armour.
You have supernaturally acute eyesight. (SInv)
You are a herbivore.
You cover ground extremely quickly.
You need to consume almost no food.
You are resistant to hostile enchantments. (MR+)
Your spells are a little easier to cast, but a little less powerful.


Message History

The spriggan berserker hits you with a war axe!!
The spriggan berserker completely misses you.
The spriggan berserker rages.
Things that are here:
a quarterstaff; an animal skin The spriggan berserker misses you.
There is an open door here.
The spriggan berserker rages.
The spriggan berserker hits you with a war axe!!
* * * LOW HITPOINT WARNING * * *
You emit a cloud of dark smoke.
There is an open door, spattered with blood here.
The spriggan berserker rages.
The spriggan berserker completely misses you.
There is an open door here.
You turn into a swirling mass of dark shadows.
You feel drained.
You fade into the shadows.
You can no longer transform into a swirling mass of shadows.
The spriggan berserker hits you with a war axe!!!
You die...

#################################
..#.....#.⌠._._._._.⌠.#..'.))#...
..'.#...'.._._._._._..'..#...#...
..#.#...#..._._._._...#..###'##..
######'##.._._._._._..#.)##∩∩.'..
....'...#._._._._._.⌠.###########
....#...###################....[(
♣..######♣♣♣♣♣..♣.###§§§§'.......
#####..'......♣.W♣##§§#§§#.P.....
.......#♣..♣♣♣.♣)i###§##'##.P....
.......#.♣♣..♣...♣'...#♣.♣#######
#######################.....####
..............# ###..♣..♣....##
............P.#####.).♣......♣...
....)......)P..........♣.)...∩.∩.
............P...#################
##'############## ####### #######


You could see a spriggan berserker (berserk).

Vanquished Creatures
  Agnes (D)
  A ghost moth (D)
  3 spriggan defenders (D)
  2 spriggan berserkers (D)
  2 spriggan druids (D)
  23 oklob plants (D)
  A moth of wrath (D)
  3 demonic crawlers (D)
  3 burning bushes (D)
  A queen bee (D)
  3 wandering mushrooms (D)
  7 hornets (D)
  2 scorpions (D)
  4 killer bees (D)
  5 oklob saplings (D)
  2 worker ants (D)
  9 spriggans (D)
  A river rat (D)
  A rat (D)
  2 ballistomycetes (D)
  A ballistomycete spore (D)
77 creatures vanquished.

Vanquished Creatures (others)
  A ballistomycete spore (D)
1 creature vanquished.

Grand Total: 78 creatures vanquished

Notes
Turn   | Place    | Note
-------+----------+-------------------------------------------
     0 | D        | Ghella the Spriggan Enchanter began the quest for the Orb.
     0 | D        | Reached XP level 1. HP: 9/9 MP: 5/5
    14 | D        | Reached skill level 7 in Stealth
    14 | D        | Reached XP level 2. HP: 13/13 MP: 6/6
    29 | D        | Reached skill level 8 in Stealth
   177 | D        | Learned a level 2 spell: Ensorcelled Hibernation
   180 | D        | Noticed an oklob sapling
   182 | D        | Killed an oklob sapling
   182 | D        | Reached skill level 10 in Stealth
   182 | D        | Reached XP level 3. HP: 16/16 MP: 8/8
   185 | D        | Found the amulet of invisibility {+Inv}
   187 | D        | Reached skill level 12 in Stealth
   220 | D        | Found an opulent altar of Gozag.
   220 | D        | Found a hazy altar of Hepliaklqana.
   220 | D        | Found a roughly hewn altar of Beogh.
   220 | D        | Found a snail-covered altar of Cheibriados.
   221 | D        | Found a viscous altar of Jiyva.
   221 | D        | Found a burning altar of Makhleb.
   221 | D        | Found a sparkling altar of Nemelex Xobeh.
   221 | D        | Found a sacrificial altar of Ru.
   221 | D        | Found a deep blue altar of Sif Muna.
   221 | D        | Found a bloodstained altar of Trog.
   221 | D        | Found an ornate altar of the Wu Jian Council.
   221 | D        | Found a shimmering altar of Xom.
   221 | D        | Found a basalt altar of Yredelemnul.
   221 | D        | Noticed an oklob sapling priest
   222 | D        | Found an iron altar of Okawaru.
   222 | D        | Found a shadowy altar of Dithmenos.
   222 | D        | Found a glowing silver altar of Zin.
   223 | D        | Found an ancient bone altar of Kikubaaqudgha.
   223 | D        | Found a hide-covered altar of Uskayaw.
   224 | D        | Found a stormy altar of Qazlal.
   224 | D        | Found a white marble altar of Elyvilon.
   224 | D        | Found a glowing golden altar of the Shining One.
   225 | D        | Found a corrupted altar of Lugonu.
   225 | D        | Found a radiant altar of Vehumet.
   229 | D        | Killed an oklob sapling priest
   229 | D        | Reached skill level 14 in Stealth
   229 | D        | Reached skill level 1 in Evocations
   229 | D        | Reached XP level 4. HP: 21/21 MP: 6/9
   234 | D        | Became a worshipper of Dithmenos the Shadowed
   443 | D        | Learned a level 3 spell: Confuse
   674 | D        | Reached skill level 15 in Stealth
   674 | D        | Reached XP level 5. HP: 24/24 MP: 6/10
   814 | D        | Reached * piety under Dithmenos
   814 | D        | Reached skill level 16 in Stealth
   901 | D        | Found Aqax Roq's Antique Armour Shop.
   901 | D        | Found Qutiyf's General Store.
   908 | D        | Bought a potion of curing for 42 gold pieces
   940 | D        | Reached skill level 17 in Stealth
   976 | D        | Noticed a burning bush
   976 | D        | Noticed a wandering mushroom
   977 | D        | Noticed a wandering mushroom
   979 | D        | Killed a wandering mushroom
   979 | D        | Reached ** piety under Dithmenos
   979 | D        | Reached skill level 19 in Stealth
   979 | D        | Reached skill level 1 in Ice Magic
   979 | D        | Reached XP level 6. HP: 28/28 MP: 8/11
   981 | D        | Killed a burning bush
   981 | D        | Reached skill level 20 in Stealth
   981 | D        | Reached XP level 7. HP: 32/32 MP: 8/13
   982 | D        | Reached skill level 21 in Stealth
   984 | D        | Killed a wandering mushroom
   984 | D        | Reached *** piety under Dithmenos
   984 | D        | Reached skill level 22 in Stealth
  1265 | D        | Found Qekhlytto's Weapon Emporium.
  1265 | D        | Found Dyos's Assorted Antiques.
  1320 | D        | Noticed a queen bee
  1326 | D        | Killed a queen bee
  1326 | D        | Reached XP level 8. HP: 36/36 MP: 9/15
  1328 | D        | Reached skill level 23 in Stealth
  1331 | D        | Reached **** piety under Dithmenos
  1366 | D        | Gained mutation: Your spells are a little easier to cast, but a little less powerful. [mutagenic glow]
  1599 | D        | Noticed an oklob plant
  1602 | D        | Killed an oklob plant
  1602 | D        | Reached skill level 24 in Stealth
  1613 | D        | Noticed a burning bush
  1616 | D        | Killed a burning bush
  1616 | D        | Reached skill level 25 in Stealth
  1616 | D        | Reached XP level 9. HP: 39/39 MP: 14/16
  1645 | D        | Noticed a burning bush
  1645 | D        | Noticed an oklob plant
  1646 | D        | Noticed a wandering mushroom
  1647 | D        | Killed a burning bush
  1649 | D        | Killed an oklob plant
  1649 | D        | Reached skill level 26 in Stealth
  1651 | D        | Reached ***** piety under Dithmenos
  1653 | D        | Killed a wandering mushroom
  1653 | D        | Reached skill level 1 in Fighting
  1653 | D        | Reached skill level 27 in Stealth
  1653 | D        | Reached skill level 1 in Invocations
  1655 | D        | Got a translucent dagger
  1700 | D        | Bought a ration for 70 gold pieces
  1701 | D        | Identified the +6 dagger of Waoxtoun {vamp, Str+2 Int+4 Dex+6} (You found it in the Dungeon)
  1755 | D        | Noticed a spriggan druid
  1756 | D        | Killed a spriggan druid
  1756 | D        | Reached skill level 1 in Armour
  1787 | D        | Noticed an oklob plant conjurer
  2170 | D        | Killed an oklob plant conjurer
  2836 | D        | Noticed an oklob plant
  2836 | D        | Noticed an oklob plant summoner
  2839 | D        | Noticed Agnes
  2843 | D        | Found Hyqorry's Assorted Antiques.
  2843 | D        | Noticed a spriggan berserker
  2844 | D        | Found Qamir's Assorted Antiques.
  2845 | D        | Killed Agnes
  2845 | D        | Reached skill level 5 in Armour
  2845 | D        | Reached skill level 5 in Invocations
  2845 | D        | Reached XP level 10. HP: 51/51 MP: 12/17
  2852 | D        | Killed a spriggan berserker
  2852 | D        | Reached skill level 5 in Fighting
  2860 | D        | Noticed a spriggan defender
  2864 | D        | Killed a spriggan defender
  2900 | D        | Noticed a spriggan rider
  2904 | D        | Killed a spriggan rider
  2908 | D        | Reached XP level 11. HP: 58/58 MP: 6/18
  2913 | D        | Noticed a ghost moth
  2914 | D        | Found Avotwev's Weapon Emporium.
  2914 | D        | Found Qosoaraves's Book Boutique.
  2914 | D        | Found Lestro's Book Shoppe.
  2919 | D        | Killed a ghost moth
  3345 | D        | Noticed an oklob plant shifter
  3347 | D        | Killed an oklob plant
  3349 | D        | Killed an oklob plant summoner
  3351 | D        | Killed an oklob plant shifter
  3351 | D        | Reached skill level 10 in Invocations
  3360 | D        | Noticed a spriggan rider
  3361 | D        | Found Zewi's Food Shoppe.
  3361 | D        | Found Zezucav's General Store.
  3362 | D        | Reached skill level 5 in Ice Magic
  3365 | D        | Killed a spriggan rider
  3365 | D        | Reached skill level 5 in Short Blades
  3459 | D        | Noticed an oklob plant shifter
  3459 | D        | Noticed an oklob plant meteorologist
  3461 | D        | Killed an oklob plant meteorologist
  3465 | D        | Killed an oklob plant shifter
  3476 | D        | Noticed a spriggan rider
  3482 | D        | Killed a spriggan rider
  3482 | D        | Reached ****** piety under Dithmenos
  3533 | D        | Noticed an oklob plant summoner
  3534 | D        | Found Vadoutel's Weapon Emporium.
  3534 | D        | Found Xoxois's Distillery.
  3535 | D        | Killed an oklob plant summoner
  3542 | D        | Noticed an oklob plant demonologist
  3542 | D        | Noticed an oklob plant annihilator
  3542 | D        | Gained mutation: You are resistant to hostile enchantments. (MR+) [mutagenic glow]
  4005 | D        | Noticed a spriggan berserker
  4007 | D        | Killed an oklob plant demonologist
  4008 | D        | Killed a spriggan berserker
  4010 | D        | Killed an oklob plant annihilator
  4010 | D        | Reached XP level 12. HP: 65/65 MP: 15/21
  4102 | D        | Got a shimmering ruby amulet
  4106 | D        | Identified the amulet of Roitriobb {Faith Int+4 Dex+2 Stlth+} (You found it in the Dungeon)
  4437 | D        | Bought a ration for 70 gold pieces
  4437 | D        | Bought a ration for 70 gold pieces
  4495 | D        | Found Qyel's Distillery.
  4495 | D        | Found Begi's Antique Weapon Shop.
  4495 | D        | Found Mampufra's Gadget Shoppe.
  4496 | D        | Found Inwel's Armour Emporium.
  4496 | D        | Found Suibrid's Armour Boutique.
  4496 | D        | Found Urafiw's Antique Weapon Emporium.
  4496 | D        | Found Voato's Food Shop.
  4496 | D        | Found Pefoh's Jewellery Boutique.
  4513 | D        | Bought a potion of heal wounds for 50 gold pieces
  4905 | D        | Reached skill level 10 in Short Blades
  5047 | D        | Noticed a spriggan defender
  5047 | D        | Noticed a spriggan defender
  5051 | D        | Killed a spriggan defender
  5051 | D        | Reached skill level 10 in Ice Magic
  5052 | D        | Killed a spriggan defender
  5469 | D        | Bought a wand of paralysis (13) for 180 gold pieces
  5484 | D        | Reached skill level 5 in Spellcasting
  5484 | D        | Reached skill level 5 in Hexes
  5559 | D        | Noticed a death yak
  5868 | D        | Mangled by a spriggan berserker

Vault maps used:
D:        dungeon_sprint_fedhas

Skill      XL: |  1  2  3  4  5  6  7  8  9 10 11 12 |
---------------+-------------------------------------+-----
Stealth        | 7 10 14 15 19 20 22 25 27 | 27.0
Evocations     | 1 2 6 7 8 |  8.3
Ice Magic      | 1 3 8 10 | 10.5
Fighting       | 4 6 8 9 |  9.0
Invocations    | 5 8 11 13 | 13.1
Armour         | 5 8 |  8.9
Short Blades   | 9 12 | 12.0
Spellcasting   | 3 5 |  5.2
Hexes          | 4 5 |  5.0
Dodging        | 4 |  4.8

Action                   |  1- 3 |  4- 6 |  7- 9 | 10-12 || total
-------------------------+-------+-------+-------+-------++-------
Melee: Dagger            |    16 |     9 |    25 |    50 ||   100
 Cast: Ensorcelled Hiber |     1 |       |       |     1 ||     2
       Confuse           |       |     1 |     1 |     5 ||     7
Invok: Shadow Step       |       |       |     3 |    20 ||    23
       Shadow Form       |       |       |       |     1 ||     1
 Abil: Evoke Invisibilit |     1 |     4 |     6 |     8 ||    19
Evoke: Wand              |       |       |       |     5 ||     5
  Use: Potion            |     1 |       |       |       ||     1
       Scroll            |       |       |     1 |       ||     1
 Stab: Sleeping          |     3 |     6 |    15 |    41 ||    65
       Confused          |       |     1 |     1 |     1 ||     3
       Paralysed         |       |       |       |     1 ||     1
  Eat: Ration            |       |       |     4 |     4 ||     8
Dodge: Dodged            |    13 |       |       |     6 ||    19
Block: Buckler           |       |       |       |     3 ||     3

Table legend:
 A = Spawn XP
 B = Non-spawn XP
 C = Spawn XP percentage of total XP
 D = Spawn monster count
 E = Non-spawn monster count
 F = Spawn count percentage of total count
 G = Total turns spent on level
                    A         B        C        D         E        F      G
               +---------+---------+-------+---------+---------+-------+---------
         Total |       0 |   34162 |   0.0 |       0 |      74 |   0.0 |  5868
               +---------+---------+-------+---------+---------+-------+---------
             D |       0 |   34162 |   0.0 |       0 |      74 |   0.0 |  5868
               +---------+---------+-------+---------+---------+-------+---------
